[Event "44th Chess Olympiad Women 2022"]
[Site "Chennai"]
[Date "2022.08.01"]
[Round "4.13"]
[White "Guerrero Rodriguez, Alejandra"]
[Black "Matnadze, Ana"]
[Result "0-1"]
[WhiteElo "2006"]
[BlackElo "2406"]
[Annotator "TA"]
[PlyCount "62"]
[EventDate "2022.??.??"]
[TimeControl "60"]

1. Nf3 d5 2. g3 c6 3. Bg2 Bg4 4. c4 e6 5. cxd5 exd5 6. O-O Nd7 7. d3 Ngf6 8. Nc3 {[%emt 0:01:44] A11:
English Opening: 1...c6.} h6 9. Qc2 Be7 10. e4 {[%emt 0:02:54] [#] The position is equal.} Nb6 $146 ({Predecessor:} 10... O-O 11. h3 Bxf3 12. Bxf3 Re8 13. Bg2 Nc5
14. e5 Nfd7 15. d4 Ne6 16. Rd1 Rf8 {1-0 (38) Badea,B (2480)-Tocchioni,D (2250)
Porto San Giorgio 2000}) 11. h3 Bh5 12. Nh4 dxe4 13. dxe4 Nfd7 14. Nf5 O-O 15. Nxe7+ Qxe7 16. f4 Bg6 17. b3 Rfe8 18. Bb2 Rad8 19. Rad1 Qc5+ 20. Kh2 {[%emt 0:01:49]
[#]} ({White should play} 20. Rf2 $16) 20... Nd5 $1 $11 {[%emt 0:05:37] ...Ne3
is the strong threat.} 21. b4 Nxb4 (21... Ne3
$5 22. bxc5 Nxc2 $11) 22. Qb3 Nb6 23. Ba3 a5 24. Rb1 (24.
f5 $11 Bh7 25. Bc1) 24... Rd4 $17 {[%emt 0:04:58] Black is much more active.} (
{Much worse is} 24... Rd2 $6 25. f5 Bh7 26. Bxb4 axb4 27. Qxb4 $11) 25. Rfc1 (25. Rbd1 $17) 25... Qd6 $2 {[%emt 0:05:54] [#]} (25... Rd2 $19
26. Rb2 Rd3) 26. e5 $2 (26. Rd1 $11 {and White has nothing to
worry.}) 26... Qd7 $19 27. Ra1 c5 {[%emt 0:
03:38] Black is clearly winning.} ({Avoid the trap} 27... Rd2 $2 28. Bxb4 axb4
29. Qxb4 $19) 28. Bb2 (28. Bxb4 $142 axb4 29. Ne2) 28... Rd2 {
[%emt 0:02:04] Strongly threatening ...Qc6.} 29. Rg1 Bc2 30. Qa3 Nc4 31. Qxa5 Nxa5 {[%emt 0:00:07] Weighted Error Value: White=0.97/Black=0.
21 (precise)} 0-1

[Event "44th Chess Olympiad Women 2022"]
[Site "Chennai"]
[Date "2022.08.01"]
[Round "4.13"]
[White "Hernandez Diaz, Paula Sofia"]
[Black "Eizaguerri Floris, Maria"]
[Result "0-1"]
[WhiteElo "1751"]
[BlackElo "2176"]
[Annotator "NA RC"]
[PlyCount "62"]
[EventDate "2022.??.??"]
[TimeControl "60"]

1. Nf3 d5 2. g3 c6 3. Bg2 Bg4 4. c4 e6 5. cxd5 exd5 6. O-O Nd7 7. d3 Ngf6 8. Nc3 h6 9. Qc2 Be7 10. e4 Nb6 11. h3 Bh5 12. Nh4 dxe4 13.
dxe4 Nfd7 14. Nf5 O-O 15. Nxe7+ Qxe7 16. f4 Bg6 17. b3 Rfe8 18. Bb2 Rad8 19. Rad1 Qc5+ 20. Kh2 Nd5 21. b4 Nxb4 22. Qb3 Nb6 23. Ba3 a5 24. Rb1 Rd4 25. Rfc1 Qd6 26. e5 Qd7 27. Ra1 c5 28. Bb2 Rd2 29. Rg1 Bc2 30. Qa3 Nc4 31. Qxa5 Nxa5 0-1

[Event "44th Chess Olympiad Women 2022"]
[Site "Chennai"]
[Date "2022.08.01"]
[Round "4.13"]
[White "Vega Gutierrez, Sabrina"]
[Black "Corrales Jimenez, Zenia"]
[Result "1-0"]
[WhiteElo "2366"]
[BlackElo "2143"]
[Annotator "TA"]
[PlyCount "69"]
[EventDate "2022.??.??"]
[TimeControl "60"]

1. e4 c5 2. Nf3 Nc6 3. d4 cxd4 4. Nxd4 Nf6 5. Nc3 d6 6. Be2 g6 7. O-O Bg7 8. Nb3 O-O 9. Re1 Be6 10. Bf1 d5 11. Nc5 d4 {[%emt 0:00:44] B70: Sicilian Dragon: 6 g3 and 6 Be2 (without a
later Be3).} 12. Nxe6 fxe6 13. Nb1 {[%emt 0:
00:00] [#]} Rc8 $146 {[%emt 0:08:03] The position is equal.} ({Predecessor:} 
13... Ne5) 14. Nd2 (14. a4 {seems wilder.} Ne5 15. c3 Nfg4 16.
f3) 14... h6 (14... Nb4 $11 {remains equal.} 15. Bc4 Qb6) 15.
e5 Nd7 16. Bc4 {[%emt 0:01:36] Strongly
threatening Nb3.} Ndxe5 {[%emt 0:09:16] Black is on the road to losing.} (16...
Kh7 $11) 17. Bxe6+ $16 Kh7 18.
Bxc8 Qxc8 19. a3 {[%emt 0:18:45] Inhibits
Nb4.} Qf5 20. Ne4 Nc4 21.
Qe2 Qd5 22. Qd3 Nd6 (22... N6e5 {might work better.} 23. Qe2 Rc8) 23. Nxd6 $18 Qxd6 24. Bd2 Rf5 25. Re4 Qf6 26. f4 Qd6 27. Rae1 e5 28. Rf1 Rf7 29. fxe5 Rxf1+ 30. Qxf1 Nxe5 31. Qb5 Qc7 32. Bf4 d3 $2 (32... Qxc2 33. Rxe5 Bxe5) 33. cxd3 {[%emt 0:05:44][%cal Rf4e5] White is
clearly winning.} ({Inferior is} 33. Rxe5 Bxe5 34. Bxe5 dxc2 35. Bxc7 c1=Q+ 36.
Kf2 Qxc7 $11) 33... a6 34. Qb4 g5 {[%emt 0:
00:00] [#]} 35. Rxe5 $1 {[%emt 0:01:30] Weighted Error Value: White=0.08 
(flawless) /Black=0.57} 1-0

[Event "44th Chess Olympiad Women 2022"]
[Site "Chennai"]
[Date "2022.08.01"]
[Round "4.14"]
[White "Foudzi, Siti Zulaikha"]
[Black "Houska, Jovanka"]
[Result "1/2-1/2"]
[WhiteElo "2188"]
[BlackElo "2360"]
[Annotator "TA"]
[PlyCount "103"]
[EventDate "2022.??.??"]
[TimeControl "60"]

1. e4 c6 2. d4 d5 3. exd5 cxd5 4. Bd3 Nc6 5. c3 Qc7 6. Ne2 Bg4 7. f3 Bd7 8. Na3 {[%emt 0:00:13] B13: Caro-Kann: Exchange
Variation and Panov-Botvinnik Attack.} a6 9. Qb3 ({White should try} 9. Nc2) 9... Nf6 {[%emt 0:11:35] [#]} 10. O-O $146 ({Predecessor:} 10. Bf4 Qc8 11. Nb1 Na5 12. Qc2 Bb5 13. O-O e6
14. Nc1 Be7 15. Qe2 Bxd3 16. Nxd3 {1-0 (67) Sitnikov,A (2437)-Bryakin,M (2464)
Cheliabinsk 2021}) 10... Na5 11. Qc2 e6 12. Bf4 Bd6 13. Bxd6 Qxd6 14. b4 b5 15. Qd2 Nb7 16. Rae1 Qc7 17. g4 h6 18. Ng3 Nd6 19. Qf4 {[%emt 0:05:06]
Threatens to win with Nf5.} Kf8 (19... Qxc3 $2 20. Qxd6 Qxd4+
21. Rf2 $18) 20. h4 a5 {[%emt 0:06:42] Hoping for ...axb4.}
21. Nc2 Nfe8 22. Ne2 Kg8 23. Rf2 g6 24. Rg2 Kg7 (24... a4 $11) 25. Qe5+ $14 f6 $2 (25... Kg8 $1 $14) 26. Qg3 (26. Qe3 $18)
26... g5 $16 {[%emt 0:00:15] Inhibits Nf4.} 27. f4 $1 {[%emt 0:02:34] fxg5 is
the strong threat.} Nf7 28. Rh2 (28. bxa5
$142 Rxa5 29. Nb4) 28... axb4 (28... Rg8 $16) 29. Nxb4 Ra3 (29... Rg8 $16) 30. Bb1 $2 (30. hxg5 $1 $18 {is the precise move to win.} fxg5 31. Rf1) 30... gxh4 (30... gxf4 $142 31. Nxf4 Rxc3) 31. Qd3 (31.
Rxh4 $6 Rg8 $14) (31. Qxh4 $16 Bc8 32. Rf1 (32. Qh5 Rxc3 33. Kh1 Rc4 $14))
31... Kf8 $11 32. Rxh4 Rg8 33. Kf2 Ned6 34. Qf3
{[%emt 0:01:46] Inhibits Ne4+.} Bc8 (34... Bc6 $5) 35. Rc1 Bb7 36. Ng3 (36. Rg1 $11)
36... Ke7 ({Black should play} 36... Qe7 $1 $17 37. Rh3 Ne4+ 38. Nxe4 dxe4 39. Bxe4 Bxe4 40. Qxe4 Rxg4) 37. Qe3 {[%emt 0:00:51]
Against Ne4+} (37. Kg2 $11) 37... Nc4 $15 38. Qf3 Nd2 39. Qe3 Nxb1 40.
Rxb1 ({White must play} 40. Ne2 $15) 40... Rxc3 $19 (40... Qxc3 41. Nf5+ Kd7 42. Qxc3 Rxc3 43. Ne3 $17) 41. Nd3 Qc4 $36 {[%emt 0:05:01][%csl Ya2,Yd3] Black has strong initiative.} 42.
Rb3 Rc2+ (42... Rxb3 43. axb3 Qc2+ 44. Qe2
$15) 43. Kf3 e5 {[%emt 0:00:00] And now ...e4+ would win.} (
43... Kf8 44. Nb4 (44. Qxe6 Qxd4 45. Qe7+ Kxe7 $11) 44... Rc1 45. Nd3 $15) 44.
Nf5+ Kd8 $1 45. fxe5 (45.
Qe1 {was the only defense.} Rxa2 46. Rc3) 45... fxe5 $2 ({
Better is} 45... Rxa2 $19 46. Rb4 Nxe5+ $1 47. Kg3 Qxd3 48. Qxd3 Nxd3 49. Rxb5
Ra3 $1) 46. Nxh6 $2 {[%emt 0:00:00] Pair of Knights!} (46. Kg3 $11) 46... Ng5+
$1 (46... Nxh6 47. Qxh6 e4+ 48. Ke3 exd3 49. Qd6+ Ke8 50. Qe6+
Kf8 51. Qf5+ Ke8 52. Qe6+ Kf8 53. Qf5+ Ke8 54. Qe6+ $11) 47. Kg3 Ne4+ 48. Kh3 Ng5+ $2 (
48... Rf8 49. Nf5 Rd2) 49. Kg3 $1 {[%emt 0:00:00] [#] Really sharp!} Ne4+ $2 (49... exd4 50. Qe5 Rc3 51. Rxc3 dxc3 52. Qb8+ (52. Qd6+ $2 Kc8
$19) 52... Bc8 53. Qd6+ Ke8 54. Nf2 (54. Nc5 $2 Qxc5 55. Qxc5 Ne4+ 56. Kf3 Nxc5
$19) 54... Ne4+ 55. Nxe4 Qd3+ 56. Kh2 Qe2+ 57. Kh3 Qf1+ 58. Kh2 Qe2+ 59. Kh3
Qf1+ 60. Kh2 Qe2+ $11) (49... Rxa2 $1 50. Nxg8 (50. Nc5 $2 exd4 51. Qf4 Ne4+
52. Kh3 Qxc5 $19) 50... Ne4+ 51. Kf3 Nd2+ 52. Kg2 Nxb3+ 53. Kg3 Nd2 54. Qg5+
Kc8 55. Qf5+ Kb8) 50. Kh3 Ng5+ (50... Rf8
$142 51. Nf5 Rd2) 51. Kg3 $1 {[%emt 0:00:00] [#]} Ne4+ $2 ({
Inferior is} 51... exd4 52. Qe5 Rc3 53. Rxc3 dxc3 54. Qb8+ (54. Qd6+ $2 Kc8 $19
) 54... Bc8 55. Qd6+ Ke8 56. Nf2 $11 (56. Nc5 $2 Qxc5 57. Qxc5 Ne4+ 58. Kf3
Nxc5 $19)) (51... Rxa2 $1 52. Nxg8 (52. Nc5 $2 exd4 53. Qf4 Ne4+ 54. Kh3 Qxc5
$19) 52... Ne4+ 53. Kf3 Nd2+ 54. Kg2 Nxb3+ 55. Kg3 Nd2 56. Qg5+ Kc8 57. Qf5+
Kb8) 52. Kh3 {[%emt 0:00:00] Never resign too early! Weighted Error Value:
White=0.58/ Black=0.76. An unexpected result.} 1/2-1/2

[Event "44th Chess Olympiad Women 2022"]
[Site "Chennai"]
[Date "2022.08.01"]
[Round "4.14"]
[White "Sim, Jia Ru"]
[Black "Kalaiyalahan, Akshaya"]
[Result "0-1"]
[WhiteElo "2005"]
[BlackElo "2158"]
[Annotator "NA RC"]
[PlyCount "110"]
[EventDate "2022.??.??"]
[TimeControl "60"]

1. e4 c5 2. Nf3 e6 3. c3 d5 4. exd5 Qxd5 5. d4 Nf6 6. Be2 cxd4 7. cxd4 Nc6 8. Nc3 Qd6 9. O-O Be7 10. Nb5 Qd8 11. Bf4 Nd5 12. Bg3 a6 13.
Nc3 O-O 14. Rc1 Nf6 15. Qd2 Nb4 16. Ne5 Nbd5 17. Bf3 Bb4 18.
Qc2 Ne7 19. Qb3 Bd6 20. Rfd1 Nf5 21. Na4 Nxg3 22. hxg3 Rb8 23. Nb6 Bd7 24. Nec4 Bb5 25. d5 Bxc4 26. Nxc4 e5 27. Nd2 Ne8 28. g4 g6 29. Qe3 f5 30. gxf5 gxf5 31. Nc4 Qf6 32. Bh5 Ng7 33. Be2 Ne8 34. Nxd6 Nxd6 35. Rc7 Rbe8 36. Qh3 Re7 37. Rdc1 Rff7 38. R7c2 h6 39. g3 Rg7 40. Kg2 e4 41. Rc3 Qg5 42. Qh5 f4 43. Qxg5 f3+ 44. Kg1 hxg5 45. Bxf3 exf3 46. Rxf3 Rgf7 47. Rb3 Re5 48. Rd1 Re2 49. Rb6 Rf6 50. Rc1 Rd2 51. Rc5 g4 52. Rc8+ Kf7 53. Rc7+ Ke8 54. Rcxb7 Rdxf2 55. Rb8+ Kd7 0-1

[Event "44th Chess Olympiad Women 2022"]
[Site "Chennai"]
[Date "2022.08.01"]
[Round "4.14"]
[White "Varney, Zoe"]
[Black "Chong, Kai Ni Agnes"]
[Result "1/2-1/2"]
[WhiteElo "2045"]
[BlackElo "1909"]
[Annotator "NA RC"]
[PlyCount "96"]
[EventDate "2022.??.??"]
[TimeControl "60"]

1. e4 c5 2. Nc3 e6 3. f4 Nc6 4. Nf3 d5 5. Bb5 dxe4 6. Bxc6+ bxc6 7. Nxe4 Nf6 8. d3 Be7 9. Ne5 Qb6 10. Nc4 Qc7 11. Qf3 Ba6 12. O-O Rd8 13.
Be3 Rd5 14. Rae1 h5 15. h3 h4 16. Ne5 Nxe4 17. Qxe4 Rh5 18. c4 Rd8 19. f5 Bc8 20. fxe6 Bxe6 21. Nxc6 Rd7 22. Nxe7 Rxe7 23. Bf4 Qd7 24. Qa8+ Qd8 25. Qc6+ Qd7 26. Qa8+ Qd8 27. Qc6+ Qd7 28. Qf3 Rf5 29. Qa8+ Qd8 30. Qc6+ Qd7 31. Qa8+ Qc8 32. Qe4 Qd7 33. b3 Qd4+ 34. Kh1 Qxe4 35. dxe4 Rh5 36. Bd6 Rd7 37. e5 Rg5 38. Bxc5 Rd3 39. Be3 Rxe5 40. Bxa7 Ra5 41. Bf2 Rxa2 42. Bxh4 Rxb3 43. Rf2 Rbb2 44. Rd1 f6 45. Rxb2 Rxb2 46. c5 Rc2 47. Rd6 Ke7 48. Bg3 Rxc5 1/2-1/2

[Event "44th Chess Olympiad Women 2022"]
[Site "Chennai"]
[Date "2022.08.01"]
[Round "4.14"]
[White "Yao, Lan"]
[Black "Azhar, Puteri Munajjah Az-"]
[Result "1-0"]
[WhiteElo "2274"]
[BlackElo "2018"]
[Annotator "NA RC"]
[PlyCount "69"]
[EventDate "2022.??.??"]
[TimeControl "60"]

1. e4 c5 2. Nf3 d6 3. d4 cxd4 4. Nxd4 Nf6 5. Nc3 a6 6. Bg5 e6 7. f4 Be7 8. Qf3 Qc7 9. O-O-O Nbd7 10. Qg3 O-O 11. Be2 b5 12. Bf3 Nb6 13.
e5 Nfd5 14. Nxd5 exd5 15. Bf6 g6 16. Qg5 Re8 17. h4 dxe5 18.
fxe5 Bxf6 19. exf6 Qe5 20. Qxe5 Rxe5 21. Nc6 Re6 22. Ne7+ Kf8 23. Nxd5 Rb8 24. Nc7 Rxf6 25. Rd8+ Ke7 26. Rhd1 Rxf3 27. gxf3 Rb7 28. Re8+ Kf6 29. Rd6+ Kg7 30. Nxa6 Nc4 31. Rdd8 Bf5 32. b3 Na5 33. Rb8 Ra7 34. Nb4 Rc7 35. Rg8+ 1-0

[Event "44th Chess Olympiad Women 2022"]
[Site "Chennai"]
[Date "2022.08.01"]
[Round "4.15"]
[White "Borosova, Zuzana"]
[Black "Khegay, Anjela"]
[Result "1/2-1/2"]
[WhiteElo "2277"]
[BlackElo "2131"]
[Annotator "NA RC"]
[PlyCount "79"]
[EventDate "2022.??.??"]
[TimeControl "60"]

1. e4 g6 2. d4 Bg7 3. Nf3 d6 4. Bc4 Nf6 5. Qe2 Bg4 6. e5 dxe5 7. Bxf7+ Kxf7 8. Nxe5+ Kf8 9. Nxg4 Qxd4 10. Nxf6 Bxf6 11. O-O Kg7 12. Nc3 Nc6 13. Ne4 Qe5 14. c3 h5 15. Be3 b6 16. Rfe1 h4 17. Qc4 Na5 18.
Qa4 Qf5 19. Nxf6 exf6 20. Bf4 g5 21. Bxc7 h3 22. Re7+ Kg6 23.
g4 Qf3 24. Qc2+ Kh6 25. Qe4 Qxe4 26. Rxe4 Rac8 27. Bg3 Nc4 28. Re2 Rhd8 29. f4 Rd2 30. Rxd2 Nxd2 31. Kf2 Ne4+ 32. Kf3 Nxg3 33. Kxg3 gxf4+ 34. Kxf4 Rd8 35. Ke3 Kg5 36. Rg1 Re8+ 37. Kf3 Rd8 38. Ke3 Re8+ 39. Kf3 Rd8 40. Ke4 1/2-1/2

[Event "44th Chess Olympiad Women 2022"]
[Site "Chennai"]
[Date "2022.08.01"]
[Round "4.15"]
[White "Fang, Kun"]
[Black "Mrvova, Alena"]
[Result "0-1"]
[WhiteElo "1766"]
[BlackElo "2165"]
[Annotator "NA RC"]
[PlyCount "96"]
[EventDate "2022.??.??"]
[TimeControl "60"]

1. e4 c5 2. Nf3 d6 3. d4 cxd4 4. Nxd4 Nf6 5. Nc3 Nc6 6. Nb3 g6 7. Be2 Bg7 8. O-O O-O 9. Re1 a6 10. Bf1 b5 11. Nd5 Be6 12. c3 Ne5 13.
a4 Bxd5 14. exd5 Nc4 15. Nd4 Qd7 16. axb5 axb5 17. Rxa8 Rxa8 18. b3 Nb6 19. Bxb5 Qc7 20. c4 Ra1 21. Nc6 e5 22. dxe6 fxe6 23. Qe2 e5 24. Qb2 Ra8 25. Bd2 Qf7 26. Bb4 Bf8 27. f3 Nbd7 28. Bc3 Nc5 29. Rd1 Ne6 30. Bb4 Ne8 31. Ba4 Qc7 32. Bb5 Rc8 33. Ra1 Qb6+ 34. Qf2 Rxc6 35. Bxc6 Qxc6 36. Ra7 Nd4 37. Ra3 Qb6 38. Ba5 Qc5 39. b4 Qxc4 40. Qa2 d5 41. Qxc4 dxc4 42. Kf2 Nb3 43. Ra2 Nd6 44. Rc2 Nd4 45. Rc1 Bh6 46. Re1 c3 47. Bc7 Nc4 48. g3 Bd2 0-1

[Event "44th Chess Olympiad Women 2022"]
[Site "Chennai"]
[Date "2022.08.01"]
[Round "4.15"]
[White "Hagarova, Zuzana"]
[Black "Hng, Mei-Xian Eunice"]
[Result "1/2-1/2"]
[WhiteElo "2293"]
[BlackElo "1823"]
[Annotator "ChessBase"]
[PlyCount "113"]
[EventDate "2022.??.??"]
[TimeControl "60"]

1. e4 d6 2. d4 Nf6 3. Nc3 g6 4. Be3 Bg7 5. h3 O-O 6. Nf3 Na6 7. Qd2 c5 8.
O-O-O cxd4 9. Nxd4 Nc5 10. f3 a6 11. g4 b5 12. Bh6 b4 13. Nd5 Nxd5 14. exd5 Bxh6 15. Qxh6 e5 16. Nc6 Qf6 17. Qe3 a5 18. g5 Qf4 19. Qxf4 exf4 20. Rd4 Bb7 21. Bb5 f6 22. h4 fxg5 23. hxg5 Kg7 24. Rd2 Rf5 25. Re2 Raf8 26. Nd4 Bxd5 27. Nxf5+ Rxf5 28. Re7+ Rf7 29. Rxf7+ Kxf7 30. Rxh7+ Ke6 31. Be2 Kf5 32. Ra7 a4 33. a3 bxa3 34. bxa3 Kxg5 35. Rh7 Bg8 36. Rh8 Bd5 37. Rd8 Nb7 38. Rh8 Kf6 39. Kd2 Na5 40. Rf8+ Ke5 41. Rc8 Nb7 42. Kc3 Nc5 43. Re8+ Kf6 44. Rh8 Ke5 45. Rh6 Kf6 46. Rh1 Ke5 47. Re1 Kf6 48. Kb4 Bc6 49. Bd1 Ne6 50. Kc3 Ng5 51. Rf1 Ke5 52. Be2 Kf6 53. Kd2 Ke5 54. Kc3 Kf6 55. Kd4 Ne6+ 56. Kc3 Ng5 57. Kd4 1/2-1/2

[Event "44th Chess Olympiad Women 2022"]
[Site "Chennai"]
[Date "2022.08.01"]
[Round "4.15"]
[White "Hng, Mei-En Emmanuelle"]
[Black "Repkova, Eva"]
[Result "1/2-1/2"]
[WhiteElo "1997"]
[BlackElo "2303"]
[Annotator "TA"]
[PlyCount "88"]
[EventDate "2022.??.??"]
[TimeControl "60"]

1. e4 e5 2. Bc4 Nc6 3. Nf3 Bc5 4. c3 Nf6 5. d4 exd4 6. cxd4 Bb4+ 7. Nbd2 $1 {[%emt 0:00:22] is more profitable than 7. Bd2 at the
moment. C54: Giuoco Piano: 4 c3 Nf6, main lines with 5 d4 and 5 d3.} Nxe4 8. O-O Bxd2 ({Reject} 8... d5
9. Nxe4 O-O 10. Bg5 $11) 9. Bxd2 (9. Nxd2 $11 {deserves
consideration.} d5 10. Nxe4 dxe4 11. d5) 9... d5 $15 10. Bb5 O-O 11. Bxc6 bxc6 {[%emt 0:
00:03][%cal Yb7c6,Yc6c5,Yc5c4] [#]} 12. Ne5 $146 {[%emt 0:00:00] Prevents Bg4.}
({Predecessor:} 12. Rc1 c5 13. dxc5 Bg4 14. Be3 c6 15. h3 Bxf3 16. Qxf3 Re8 17.
Bd4 Re6 18. Rfd1 {1-0 (37) Okhotnik,V (2418)-Hiermann,D (2272) Braunau 2013})
12... Ba6 13. Re1 c5 $36 {[%emt 0:03:56]
Black has good play.} 14. f3 (14. dxc5 $11 Qf6 15. Nf3) 14...
Nxd2 15. Qxd2 Qd6 16. Rac1 {
[%emt 0:09:44] [#]} c4 17. Re3 f6 18. Ng4 Rab8 19. b3 h5 20. Nf2 Rfe8 21. Nh3 Rxe3 22. Qxe3 Bb5 23. Nf4 (23. bxc4 $17 {is a better defense.}
Bxc4 24. a4) 23... Re8 $19 24. Qd2 h4 25. a4 Ba6 26. bxc4 Bxc4 27. g3 $2 (27. h3 {
was worth a try.}) 27... hxg3 (27... g5 $142 28. Nd3 hxg3) 28.
hxg3 $2 (28. h4) 28... g5 29. Nh5 Re2 30. Qc3 Qe6 31. g4 Qd6 {[%emt 0:03:35] Inhibits Ng3.}
32. f4 gxf4 33. Qf3 Re3 34. Qf2 (34. Qxf4 $142
Qxf4 35. Nxf4) 34... Kf7 35. Re1 $2 (35. Nxf4
Re4 36. Ng2) 35... Qe6 36. Rxe3 fxe3 {[%emt 0:02:02] Endgame KQB-KQN} 37. Qf4 Kg6 {[%emt 0:04:
07] [#] ( -> ...e2)} 38. Qg3 Qe4 39. Nf4+ Kf7 40. Ng2 Qxd4 $2 (40... e2 $19 41. Qxc7+ Kg6) 41. Qxc7+ $11 {[%emt 0:06:20] The
position is equal.} Kf8 {[%emt 0:00:00] White must now prevent ...e2+.} (41...
Ke8 $5 42. Qc8+ Kf7 43. Qd7+ Kg8 44. Qe8+ Kg7 45. Qe7+ Kh8 46. Qe8+ Kh7 47.
Qf7+ Kh8 48. Qf8+ Kh7 49. Qf7+ Kh8 50. Qf8+ Kh7 51. Qf7+ $11) 42. Qd8+ Kf7 {[%emt 0:00:09] And now ...e2+ would win.} 43. Qc7+ Kg8 {[%emt 0:00:57] ...e2+ is the strong threat.} 44. Qd8+ Kg7 {[%emt 0:02:14] Weighted Error Value: White=0.47/Black=0.
28 (precise)} 1/2-1/2

[Event "44th Chess Olympiad Women 2022"]
[Site "Chennai"]
[Date "2022.08.01"]
[Round "4.16"]
[White "Koubova, Anna Marie"]
[Black "Guo, Yu Han"]
[Result "1-0"]
[WhiteElo "2115"]
[BlackElo "1630"]
[Annotator "NA RC"]
[PlyCount "71"]
[EventDate "2022.??.??"]
[TimeControl "60"]

1. d4 d5 2. c4 e6 3. Nf3 Be7 4. g3 Nf6 5. Bg2 c6 6. Qc2 O-O 7. O-O b6 8.
Nbd2 Bb7 9. e4 dxc4 10. Nxc4 c5 11. e5 Nd5 12. dxc5 bxc5 13. Rd1 Qc7 14. a3 h6 15. Bd2 Nc6 16. Rac1 Ba6 17. Qe4 Rfd8 18. Bf1 Bf8 19. h4 Nb6 20. b4 Bb7 21. Nd6 Bxd6 22. exd6 Qxd6 23. bxc5 Qe7 24. Qg4 f5 25. Qg6 Nd7 26. Re1 Nf8 27. Qh5 Rd7 28.
Bf4 Nd8 29. Bd6 Qf6 30. Ne5 Bd5 31. Bxf8 Rb7 32. Bd6 Nc6 33. Nxc6 Bxc6 34. Bg2 Bxg2 35. Kxg2 Rb2 36. Be5 1-0

[Event "44th Chess Olympiad Women 2022"]
[Site "Chennai"]
[Date "2022.08.01"]
[Round "4.16"]
[White "Mills, Morgen"]
[Black "Petrova, Kristyna"]
[Result "1-0"]
[WhiteElo "1993"]
[BlackElo "2238"]
[Annotator "TA"]
[PlyCount "119"]
[EventDate "2022.??.??"]
[TimeControl "60"]

1. e4 c5 2. Nf3 d6 3. Bb5+ Nd7 4. d4 cxd4 5. Qxd4 a6 6. Bxd7+ Bxd7 7. O-O e5 8. Qd3 h6 9. c4 Nf6 10. Nc3 Be7 11. b3 {[%emt 0:01:23] B51: Sicilian: Moscow Variation (3 Bb5+)
without 3...Bd7.} O-O 12. a4 Be6 (12... b5 $11) 13. Rd1 (13. Ba3 $14) 13... Qc7 (13... b5 $1 $11) 14. h3 Rac8 15. Be3
{[%emt 0:03:22] [#]} Nd7 $146 ({Predecessor:} 15... b6 16. Nh4
Rfd8 17. Nf5 Bxf5 18. exf5 Qc6 19. Rac1 Kf8 20. Qe2 Qb7 21. Nd5 Nxd5 22. Rxd5 {
1-0 (31) Zeier,K (2228)-Staudacher,T (2004) Tegernsee 2018}) 16. Nd5 Bxd5 17. Qxd5 Qc6 18. Qxc6 Rxc6 (18... bxc6 $11 19. b4 (19. c5
Nxc5 20. Bxc5 dxc5 $11) 19... Nf6) 19. Ne1 Bg5 20. Bxg5 hxg5 21. Nd3 Rb6 22. Rab1 {[%emt 0:06:47] Threatening a5.} a5 $1 23. f3 Rc8 24. Kf2 f6 25. Rdc1 Kf7 26. Rc3 Nf8 27. Ne1 Ne6 28. Nc2 Nc5 29. Na3 $1 Rb4 30. Ke2 g6 31. Kd2 f5 32. Nb5 Rc6 {[%emt 0:00:
00] [#] aiming for ...Nxa4.} 33. Kc2 Ke7 (
33... fxe4 $14 34. fxe4 Nxe4) 34. Re1 Ne6 35.
g3 ({Better is} 35. Rce3 $16) 35... Rc8 (
35... f4 $11) 36. Rd1 ({White should play} 36. exf5 $1 $14
gxf5 37. Rd3) 36... fxe4 (36... Rh8 $5 ) 37.
fxe4 (37. Nxd6 $2 Nd4+ 38. Rxd4 exd4 39. Nxc8+ Kd7 40. fxe4
dxc3 $19) 37... Rf8 {[%emt 0:00:23] [#]} (37... Nc5 $14) 38. Rd2 ({Much worse is} 38. Rxd6 $6 Nd4+ 39. Nxd4 (39. Rxd4 exd4 40. Nxd4 Rf2+
41. Kd1 Rh2 $11) 39... Kxd6 40. Nb5+ Kd7 $11) (38. Kb2 $1 $16) 38... Nc5 $14 39. Re3 ({Much weaker is} 39. Nxd6 Rb6 40. Rd5
Na6 $15) 39... Rf1 40. Nxd6 Ne6 $2 {[%emt 0:
00:00] Black is now going downhill.} (40... Kf6 $11 {and Black stays safe.})
41. Nb5 $18 Rh1 $2 (41... Kf6 {was necessary.
} 42. Kb2 Nc5) 42. Rd5 Nd4+ 43. Nxd4 exd4 44. Rxd4 Rxh3 {[%emt 0:
00:00] Endgame KRR-KRR} 45. Rd5 g4 46. Rg5 Rb6 47. Rxg4 Rf6 48. e5 Re6 49. Rd4 b6 50. Kd3 Rh1 51. Ke4 Rc1 52. Kf4 Rf1+ 53. Ke4 (53. Kg4 $142) 53... Rc1 $1 54. g4 Rf1 55. Rd5 Rf8 56. Rf3 {[%emt 0:00:00] Threatens to win with
Rxf8.} Rc8 57. Kd4 {[%emt 0:00:00] And now Rh3 would win.} Rh8 58. Ke4 (58. c5 $142) 58... Rc8 $1 59. Rfd3 Rc7 60. Rd6 {[%emt 0:00:00]
Weighted Error Value: White=0.24 (precise) /Black=0.33} 1-0

[Event "44th Chess Olympiad Women 2022"]
[Site "Chennai"]
[Date "2022.08.01"]
[Round "4.16"]
[White "Ouellet, Maili-Jade"]
[Black "Worek, Joanna"]
[Result "0-1"]
[WhiteElo "2239"]
[BlackElo "2280"]
[Annotator "NA RC"]
[PlyCount "72"]
[EventDate "2022.??.??"]
[TimeControl "60"]

1. d4 Nf6 2. c4 e6 3. Nc3 Bb4 4. f3 c5 5. d5 d6 6. e4 b5 7. Bd2 bxc4 8. Bxc4 O-O 9. Nge2 Ba6 10. Bxa6 Nxa6 11. dxe6 fxe6 12. e5 dxe5 13. Qb3 Qb6 14. a3 Bxc3 15. Qxc3 e4 16. f4 Nc7 17. b4 cxb4 18. Qxb4 Qa6 19. Qa5 Qxa5 20. Bxa5 Ncd5 21. O-O Rab8 22. Nd4 Rb2 23. Nxe6 Rfb8 24. h3 Ne3 25. Rf2 Rb1+ 26. Rxb1 Rxb1+ 27. Kh2 Nf1+ 28. Rxf1 Rxf1 29. g3 e3 30. Nd4 Ne4 31. h4 Rf2+ 32. Kh3 Ra2 33. Bb4 h5 34. Nf3 Nf2+ 35. Kg2 Nd3+ 36. Kg1 e2 0-1